 Dungeon Crawl Stone Soup version 0.31-a0-700-gf13585253f (webtiles) character file.

Game seed: 13300249633367565822

989 Xavori the Covert (level 8, -4/59 HPs)
             Began as an Octopode Chaos Knight on Sept 7, 2023.
             Was a Plaything of Xom.
             Slain by an ice devil (10 damage)
             ... summoned by Xom
             ... on level 5 of the Dungeon.
             The game lasted 00:06:52 (7979 turns).

Xavori the Covert (Octopode Chaos Knight)           Turns: 7979, Time: 00:06:52

Health: -4/59      AC:  5    Str: 10      XL:     8   Next: 18%
Magic:  8/8        EV: 16    Int: 17      God:    Xom [*.....]
Gold:   552        SH:  0    Dex: 21 (22) Spells: 7/7 levels left

rFire   + . .        u - +0 rapier (drain)
rCold   + . .        (no shield)
rNeg    . . .        (helmet restricted)
rPois   .            (no amulet)
rElec   .            d - ring of see invisible
rCorr   .            f - +6 ring of dexterity
SInv    +            k - ring of willpower
Will    +....        h - ring of flight
Stlth   +++++        v - +4 ring of slaying
HPRegen 1.09/turn    (no ring)
MPRegen 0.11/turn    (no ring)
                     (no ring)

%: clarity
@: flying
A: almost no armour, amphibious, 8 rings, camouflage 1, gelatinous body 1,
(nimble swimmer 1), tentacles, antennae 1, iridescent scales 2, agile 1,
clarity, clever 1, cold resistance 1, fire resistance 1, regeneration 1, robust
1, MP-powered wands
a: Renounce Religion


You were on level 5 of the Dungeon.
You worshipped Xom.
You were a special plaything of Xom.
You visited 1 branch of the dungeon, and saw 5 of its levels.

You collected 552 gold pieces.

Inventory:

Hand Weapons
 i - a +2 dagger of venom
 u - a +0 rapier of draining (weapon)
Missiles
 c - a throwing net
Jewellery
 d - a ring of see invisible (left tentacle)
 f - a +6 ring of dexterity (right tentacle)
 h - a ring of flight (on tentacle)
 k - a ring of willpower (on tentacle)
 v - a +4 ring of slaying (on tentacle)
Talismans
 e - a flux talisman
Wands
 q - a wand of roots (9)
 t - a wand of flame (22)
Scrolls
 a - a scroll of amnesia {unknown}
 b - a scroll of butterflies
 g - 3 scrolls of identify {unknown}
 j - 2 scrolls of fog {unknown}
 l - 4 scrolls of noise {unknown}
 p - a scroll of poison {unknown}
Potions
 m - a potion of curing {unknown}
 n - 2 potions of mutation {unknown}
 o - a potion of might {unknown}
 r - a potion of brilliance {unknown}
 s - a potion of enlightenment {unknown}


   Skills:
 + Level 4.4 Fighting
 + Level 5.2 Short Blades
 * Level 4.9 Dodging
 + Level 8.0 Stealth
 + Level 1.5 Shields


You had 7 spell levels left.
You didn't know any spells.
Your spell library contained the following spells:

 Spells                   Type           Power      Damage    Failure   Level
 Freeze                   Ice            0%         1d3       24%         1
 Frozen Ramparts          Ice            0%         1d1       56%         3
 Hailstorm                Conj/Ice       0%         3d3       56%         3


Dungeon Overview and Level Annotations

Branches:
Dungeon (5/15)
 Temple: D:4-7

Altars:
Cheibriados
Hepliaklqana
Kikubaaqudgha
Nemelex Xobeh
Qazlal
Vehumet
Xom
Yredelemnul
Zin


Innate Abilities, Weirdness & Mutations

You cannot wear most types of armour.
You are amphibious.
You can wear up to eight rings at the same time.
Your skin changes colour to match your surroundings (Stealth+).
Your rubbery body absorbs attacks. (AC +1, EV +1)
((You are camouflaged when in or above water. (Stealth+)))
You have tentacles for arms and can constrict up to eight enemies at once.
You have a pair of small antennae on your head.
You are mostly covered in iridescent scales. (AC +4)
You are agile. (Dex +4, Str/Int -1)
You possess an exceptional clarity of mind.
Your mind is acute. (Int +4, Str/Dex -1)
Your flesh is cold resistant. (rC+)
Your flesh is heat resistant. (rF+)
Your natural rate of healing is unusually fast.
You are robust. (+10% HP)
You expend magic power (3 MP) to strengthen your wands.


Message History

The ice devil hits you. The ice devil freezes you. You resist.
The quasit bites you but does no damage.
The quasit completely misses you. The quasit misses you.
Unknown command.
You hit the ice devil. You squeeze the ice devil.
The ice devil is heavily wounded.
You constrict the ice devil, but do no damage.
The quasit misses you. x2; The quasit barely misses you.
The ice devil closely misses you.
Unknown command.
You hit the ice devil but do no damage.
The ice devil is heavily wounded.
You constrict the ice devil, but do no damage.
The quasit bites you but does no damage.
The quasit claws you but does no damage.
The quasit barely misses you. The ice devil closely misses you.
Unknown command.
You hit the ice devil.
The ice devil is heavily wounded.
You constrict the ice devil, but do no damage.
The quasit misses you.
The quasit claws you but does no damage.
The quasit claws you. The ice devil hits you. The ice devil freezes you!
You resist. The quasit closely misses you. x3
You hit the ice devil.
You squeeze the ice devil, but do no damage.
The ice devil is heavily wounded.
You constrict the ice devil. The ice devil hits you. The ice devil freezes you!
You resist.
* * * LOW HITPOINT WARNING * * *
The quasit bites you but does no damage.
The quasit closely misses you. The quasit misses you.
You hit the ice devil. You squeeze the ice devil.
The ice devil is severely wounded.
You constrict the ice devil, but do no damage.
The quasit barely misses you. The quasit misses you.
The quasit completely misses you. The ice devil hits you.
* * * LOW HITPOINT WARNING * * *
The ice devil freezes you! You resist.
You die...

# ##.## ### ## #.#
.# #§# ### .##
###§######.#
..###)....##...##
...#########.#..#
.#.....#......#.#
..####.#.####.####
...#...#...###.#@#
...#.#####.# ##45#
...#.......# ##.#
...#.#####.# .##
...#...#...# #.
...###.#.######.
.......#.....##.
.###########..##
.# .# #.##


You could see an ice devil (summoned) and a quasit (summoned).

Vanquished Creatures
  Sigmund (D:5)
  A swamp drake (D:4)
  An orc warrior (D:3)
  A phantom (D:5)
  2 scorpions (D:5)
  2 hounds
  An orc priest (D:3)
  A gnoll bouda (D:5)
  An iguana (D:5)
  Ijyb (D:4)
  2 orc wizards (D:3)
  5 adders
  7 gnolls
  2 ufetubi (D:4)
  2 worms (D:2)
  2 dart slugs
  6 orcs
  6 bats
  2 bat zombies (D:4)
  10 endoplasms
  3 giant cockroaches
  9 goblins
  5 hobgoblins
  3 jackals
  7 kobolds
  3 quokkas
  7 ball pythons
  3 frilled lizards
  3 rats
  A rat zombie (D:4)
  A spectral goblin (D:3)
101 creatures vanquished.

Vanquished Creatures (others)
  Eustachio (D:5)
1 creature vanquished.

Grand Total: 102 creatures vanquished

Notes
Turn   | Place    | Note
-------+----------+-------------------------------------------
     0 | D:1      | Xavori the Octopode Chaos Knight began the quest for the
                  | Orb.
     0 | D:1      | Reached XP level 1. HP: 16/16 MP: 1/1
   182 | D:1      | Reached XP level 2. HP: 21/21 MP: 2/2
   236 | D:1      | XOM: confuse monster(s)
   293 | D:1      | XOM: smoke on damage
   577 | D:1      | Reached XP level 3. HP: 26/26 MP: 3/3
  1015 | D:1      | XOM: silly message
  1408 | D:1      | XOM: noise
  1676 | D:1      | XOM: divination: detect items
  1746 | D:1      | XOM: divination: magic mapping
  1940 | D:1      | XOM: god gift: plate armour {god gift}
  2093 | D:1      | XOM: give mutations
  2093 | D:1      | Gained mutation: You are agile. (Dex +4, Str/Int -1) [Xom's
                  | grace]
  2093 | D:1      | Gained mutation: You have a pair of small antennae on your
                  | head. [Xom's grace]
  2093 | D:1      | Gained mutation: You are partially covered in large bone
                  | plates. (SH +4) [Xom's grace]
  2235 | D:1      | XOM: god gift: 320 gold pieces
  2327 | D:1      | XOM: god gift: silver javelin
  2354 | D:1      | XOM: god gift: scale mail {god gift}
  2483 | D:1      | XOM: stat loss: -1 Dex (16/17)
  2532 | D:1      | XOM: scenery: summon butterflies
  3093 | D:1      | XOM: give mutations
  3093 | D:1      | Gained mutation: You are partially covered in iridescent
                  | scales. (AC +2) [Xom's grace]
  3093 | D:1      | Gained mutation: You possess an exceptional clarity of
                  | mind. [Xom's grace]
  3093 | D:1      | Gained mutation: Your flesh is cold resistant. (rC+) [Xom's
                  | grace]
  3093 | D:1      | Gained mutation: You are very agile. (Dex +8, Str/Int -2)
                  | [Xom's grace]
  3135 | D:2      | Reached skill level 1 in Stealth
  3247 | D:2      | Found an ancient bone altar of Kikubaaqudgha.
  3627 | D:2      | Reached skill level 2 in Stealth
  4010 | D:3      | Reached XP level 4. HP: 31/31 MP: 4/4
  4043 | D:3      | Found a faded altar of an unknown god.
  4126 | D:3      | XOM: scenery: 2 doors open, 1 doors close
  4417 | D:3      | Reached skill level 3 in Stealth
  4625 | D:3      | Reached XP level 5. HP: 36/36 MP: 5/5
  4834 | D:4      | Noticed an orc warrior
  4894 | D:3      | XOM: butterfly on damage
  4898 | D:3      | Reached skill level 4 in Stealth
  5122 | D:4      | XOM: enchant monster (bad)
  5136 | D:3      | Killed an orc warrior
  5137 | D:3      | Reached skill level 5 in Stealth
  5137 | D:3      | Reached XP level 6. HP: 14/43 MP: 6/6
  5372 | D:4      | Noticed Ijyb
  5383 | D:4      | XOM: swap monsters
  5386 | D:4      | XOM: chaos upgrade
  5391 | D:4      | Killed Ijyb
  5408 | D:4      | a jelly changed into a swamp drake
  5408 | D:4      | Noticed a swamp drake
  5408 | D:4      | XOM: polymorph jelly -> swamp drake
  5461 | D:3      | XOM: stat loss: -1 Int (11/12)
  5593 | D:3      | XOM: stat loss: -1 Str (9/10)
  5843 | D:4      | XOM: silly message
  5891 | D:4      | Found a stormy altar of Qazlal.
  5899 | D:4      | Found a radiant altar of Vehumet.
  5914 | D:4      | Found a basalt altar of Yredelemnul.
  5917 | D:4      | Found a sparkling altar of Nemelex Xobeh.
  5965 | D:4      | Reached skill level 6 in Stealth
  5967 | D:4      | XOM: 4-stop teleportation journey
  5969 | D:4      | Killed a swamp drake
  5970 | D:4      | Reached skill level 1 in Shields
  5970 | D:4      | Reached XP level 7. HP: 45/47 MP: 7/7
  6024 | D:4      | Found an ancient bone altar of Kikubaaqudgha.
  6062 | D:4      | Found a snail-covered altar of Cheibriados.
  6179 | D:4      | Found a hazy altar of Hepliaklqana.
  6256 | D:4      | XOM: give mutation
  6256 | D:4      | Gained mutation: Your mind is acute. (Int +4, Str/Dex -1)
                  | [Xom's mischief]
  6341 | D:5      | Entered Level 5 of the Dungeon
  6377 | D:5      | XOM: scenery: create altars
  6378 | D:5      | Noticed Sigmund
  6383 | D:5      | Killed Sigmund
  6384 | D:5      | Reached skill level 7 in Stealth
  6511 | D:5      | XOM: god gift: smoky orange potion {god gift}
  6523 | D:5      | Reached skill level 5 in Short Blades
  6576 | D:5      | Found a glowing silver altar of Zin.
  6584 | D:5      | XOM: butterfly on damage
  6602 | D:5      | XOM: summons friendly shadow imp
  6621 | D:5      | XOM: summons 7 friendly demons
  6634 | D:5      | Reached XP level 8. HP: 5/54 MP: 8/8
  6979 | D:5      | Noticed Eustachio
  6983 | D:5      | Killed Eustachio
  6983 | D:5      | XOM: divine lightning
  7074 | D:5      | XOM: 2-stop teleportation journey
  7084 | D:5      | XOM: god gift: scroll labelled HYPEEG JODDE {god gift}
  7086 | D:5      | Identified a scroll of acquirement
  7086 | D:5      | Acquired a +4 ring of slaying
  7119 | D:5      | XOM: give mutations
  7119 | D:5      | Lost mutation: You are partially covered in large bone
                  | plates. (SH +4) [Xom's mischief]
  7119 | D:5      | Lost mutation: You are very agile. (Dex +8, Str/Int -2)
                  | [Xom's mischief]
  7150 | D:5      | XOM: give mutations
  7150 | D:5      | Gained mutation: You expend magic power (3 MP) to
                  | strengthen your wands. [Xom's grace]
  7150 | D:5      | Gained mutation: You are robust. (+10% HP) [Xom's grace]
  7150 | D:5      | Gained mutation: Your natural rate of healing is unusually
                  | fast. [Xom's grace]
  7338 | D:5      | XOM: cloud trail
  7537 | D:5      | XOM: cloud trail
  7809 | D:5      | XOM: give mutations
  7809 | D:5      | Gained mutation: You are mostly covered in iridescent
                  | scales. (AC +4) [Xom's grace]
  7809 | D:5      | Gained mutation: Your flesh is heat resistant. (rF+) [Xom's
                  | grace]
  7895 | D:5      | Reached skill level 8 in Stealth
  7969 | D:5      | XOM: summons 2 hostile demons
  7970 | D:5      | Noticed an ice devil
  7979 | D:5      | Slain by an ice devil

Illustrated notes

Levels and vault maps discovered:
D:1:      minmay_arrival_jagged, layout_loops_corners, hangedman_feature_mirror,
          st_stairs_10
D:2:      minmay_wonky_spiral, layout_loops_corners, basic_altar,
          nicolae_elevator_lobby_asterisk
D:3:      layout_loops_corners, dreamdust_ecumenical_altar_drowned_temple
D:4:      layout_cave_pools, lemuel_zombie_altar_kikubaaqudgha,
          worldfamousw_hep_ancestral_shrine, grunt_temple_overflow_cloverleaf,
          lemuel_coloured_pillars_altar, dk_noncrumbling_2, serial_bayou_pond_b,
          uniq_ijyb
D:5:      layout_layer_cave, nicolae_overflow_crystal_walls,
          minmay_misc_feat_ornament, uniq_sigmund, uniq_eustachio

Skill      XL: |  1  2  3  4  5  6  7  8 |
---------------+-------------------------+-----
Stealth        | 2 3 5 6 7 8 |  8.0
Dodging        | 3 4 |  4.9
Short Blades   | 4 5 |  5.2
Shields        | 1 |  1.5
Fighting       | 4 |  4.4

Action                     |  1- 3 |  4- 6 |  7- 9 || total
---------------------------+-------+-------+-------++-------
  Melee: Short sword       |    48 |       |       ||    48
         Tentacles         |    12 |    27 |    18 ||    57
         Constrict         |    15 |    29 |     9 ||    53
         Dagger            |    26 |    99 |    37 ||   162
         Punch             |     1 |     5 |     2 ||     8
         Rapier            |       |       |    13 ||    13
    Use: Potion            |       |     1 |       ||     1
         Scroll            |       |       |     1 ||     1
   Stab: Sleeping          |    13 |     8 |     5 ||    26
         Distracted        |       |     1 |     1 ||     2
         Confused          |       |     1 |       ||     1
 Armour: Skin              |    24 |    45 |    33 ||   102
  Dodge: Dodged            |    33 |    70 |    48 ||   151
  Block: Other             |     1 |    17 |     3 ||    21

Table legend: (Time is in decaauts)
 A = Elapsed time spent in this place.
 B = Non-inter-level travel time spent in this place.
 C = Inter-level travel time spent in this place.
 D = Time resting spent in this place.
 E = Time spent auto-exploring this place.
 F = Levels seen in this place.
 G = Mean time per level.
                   A        B        C        D        E       F      G
               +--------+--------+--------+--------+--------+-----+--------+
         Total |   7940 |   7733 |    207 |   3249 |   3697 |   5 | 1588.0 |
       Dungeon |   7940 |   7733 |    207 |   3249 |   3697 |   5 | 1588.0 |
               +--------+--------+--------+--------+--------+-----+--------+

Top non-repeatable levels by time:
     D:1: 3086 daAuts
     D:3: 1638 daAuts
     D:5: 1415 daAuts
     D:4: 975 daAuts
     D:2: 826 daAuts
